 Dungeon Crawl Stone Soup version 0.28-a0-1152-g9c71ebef14 (webtiles) character file.

Game seed: 6438548706867759195

1464 fragbeetle the Digger (level 8, -7/43 HPs)
             Began as a Gargoyle Earth Elementalist on Dec 15, 2021.
             Was a Follower of Vehumet.
             Mangled by an orc warrior (16 damage)
             ... on level 7 of the Dungeon.
             The game lasted 00:23:36 (6997 turns).

fragbeetle the Digger (Gargoyle Earth Elementalist) Turns: 6997, Time: 00:23:39

Health: -7/43      AC:  9    Str: 12    XL:     8   Next: 77%
Magic:  10/16      EV: 12    Int: 18    God:    Vehumet [*.....]
Gold:   134        SH:  0    Dex: 10    Spells: 13/18 levels left

rFire   . . .      SeeInvis .   A - +2 demon blade (venom)
rCold   . . .      Faith    .   (no shield)
rNeg    + . .      Spirit   .   b - +0 robe
rPois   ∞          Reflect  .   s - +0 helmet
rElec   +          Harm     .   f - +0 cloak
rCorr   .          Rampage  .   (no gloves)
Will    .....                   (no boots)
Stlth   ++........              (no amulet)
HPRegen 0.14/turn               (no ring)
MPRegen 0.15/turn               (no ring)

@: no status effects
A: sickness immunity, AC +5, negative energy resistance 1, electricity
resistance, torment resistance 1, petrification resistance
a: Renounce Religion


You were on level 7 of the Dungeon.
You worshipped Vehumet.
Vehumet was aware of your devotion.
You visited 2 branches of the dungeon, and saw 8 of its levels.

You collected 321 gold pieces.
You spent 187 gold pieces at shops.

Inventory:

Hand Weapons
 e - a +0 hand axe
 j - a +0 dagger of electrocution
 A - a +2 demon blade of venom (weapon)
Missiles
 a - 6 javelins
 c - 55 stones
 k - 24 poisoned darts
Armour
 b - a +0 robe (worn)
 f - a +0 cloak (worn)
 s - a +0 helmet (worn)
 y - a +0 kite shield
Magical Staves
 w - a staff of poison
Jewellery
 r - a ring of protection from fire
Wands
 B - a wand of acid (4)
Scrolls
 g - 5 scrolls of fear
 i - 4 scrolls of identify
 l - 3 scrolls of vulnerability
 m - a scroll of noise {unknown}
 q - a scroll of brand weapon {unknown}
 x - a scroll of fog {unknown}
 z - a scroll of acquirement {unknown}
Potions
 d - a potion of haste {unknown}
 h - 2 potions of mutation
 n - a potion of cancellation {unknown}
 o - 5 potions of curing
 p - a potion of heal wounds
 t - 2 potions of lignification
 u - a potion of attraction
 v - a potion of degeneration {unknown}


   Skills:
 + Level 1.5 Fighting
 + Level 1.6 Short Blades
 + Level 0.9 Axes
 * Level 3.9 Dodging
 + Level 3.4 Stealth
 + Level 0.1 Unarmed Combat
 * Level 5.7 Spellcasting
 * Level 3.1 Conjurations
 + Level 0.1 Summonings
 + Level 0.8 Transmutations
 * Level 7.7 Earth Magic


You had 13 spell levels left.
You knew the following spells:

 Your Spells              Type           Power      Damage    Failure   Level
a - Sandblast             Erth           64%        2d14      1%          1
b - Stone Arrow           Conj/Erth      48%        3d10      4%          3
c - Summon Small Mammal   Summ           20%        N/A       12%         1

Your spell library contained the following spells:

 Spells                   Type           Power      Damage    Failure   Level
 Magic Dart               Conj           64%        1d6       3%          1
 Passwall                 Tmut/Erth      16%        N/A       3%          2
 Petrify                  Tmut/Erth      20%        N/A       22%         4
 Call Canine Familiar     Summ           5%         N/A       34%         3
 Summon Guardian Golem    Hex/Summ       5%         N/A       34%         3
 Swiftness                Air            5%         N/A       36%         3


Dungeon Overview and Level Annotations

Branches:
Dungeon (7/15)             Temple (1/1) D:6

Altars:
Ashenzari
Cheibriados
Elyvilon
Fedhas
Gozag
Hepliaklqana
Kikubaaqudgha
Makhleb
Nemelex Xobeh
Qazlal
Sif Muna
Uskayaw
Vehumet
Wu Jian
Xom
Yredelemnul

Shops:
D:1 !


Innate Abilities, Weirdness & Mutations

You are immune to sickness and miasma.
Your stone body is resilient. (AC +5)
You are immune to poison.
You resist negative energy. (rN+)
You are resistant to electric shocks. (rElec)
You are resistant to unholy torment.
You are immune to petrification.


Message History

The centaur skeleton hits you but does no damage.
The centaur skeleton kicks you but does no damage.
You hit the centaur skeleton.
The centaur skeleton is almost destroyed.
The centaur skeleton barely misses you.
The centaur skeleton kicks you but does no damage.
You hit the centaur skeleton.
You destroy the centaur skeleton!
Vehumet accepts your kill.
The orc warrior shouts!
You slash the orc warrior!
The orc warrior is moderately wounded.
You hear a shout! x3
The orc warrior hits you from afar with a +0 trident!
You hit the orc.
The orc is poisoned.
The orc is lightly wounded.
The orc warrior hits you from afar with a +0 trident!
* * * LOW HITPOINT WARNING * * *
The orc hits you with a +0 club.
* * * LOW HITPOINT WARNING * * *
Vehumet accepts your kill.
You can now gain magical power from killing.
Vehumet offers you knowledge of Magic Dart.
You feel a bit more experienced.
Casting: Stone Arrow (dangerous; 4% risk of failure)
Confirm with . or Enter, or press ? or * to list all spells.
Aiming: Stone Arrow (dangerous; 4% risk of failure)
Press: ? - help, Shift-Dir - straight line, f - orc warrior
Aim: an orc warrior, wielding a +0 trident and wearing a +0 plate armour (lightly wounded, 71% to hit)
The stone arrow hits the orc warrior!
The orc warrior is severely wounded.
Casting: Stone Arrow (dangerous; 4% risk of failure)
Confirm with . or Enter, or press ? or * to list all spells.
Aiming: Stone Arrow (dangerous; 4% risk of failure)
Press: ? - help, Shift-Dir - straight line, f/p - orc warrior
Aim: an orc warrior, wielding a +0 trident and wearing a +0 plate armour (severely wounded, 71% to hit)
The stone arrow hits the orc warrior!
The orc warrior is almost dead.
The orc warrior hits you from afar with a +0 trident!
You die...

##...oo.o #....(..#
#)##### #oo...# #
#####o#### ######
#........# #....#
#o####...#
#....############.####...#
'..).'..........@....+...+
#....#################...#
###### .... ## ..... .# .#
.# .# ##


You could see an orc warrior.

Vanquished Creatures
  2 black bears
  A phantom (D:4)
  A centaur (D:6)
  A kobold brigand (D:6)
  A bullfrog (D:6)
  2 scorpions
  A wyvern skeleton (D:6)
  3 killer bees (D:7)
  A howler monkey (D:4)
  2 centaur zombies
  2 centaur skeletons
  2 hounds
  2 jellies (D:6)
  An orc priest (D:6)
  A bullfrog skeleton (D:4)
  Jessica (D:2)
  An orc wizard (D:6)
  4 iguanas
  A howler monkey zombie (D:5)
  5 adders
  A shadow imp (D:6)
  2 white imps
  An ufetubus (D:4)
  2 worms
  2 dart slugs
  20 orcs
  6 ball pythons
  7 bats
  8 endoplasms
  2 giant cockroaches
  12 goblins
  2 hobgoblins
  2 quokkas
  3 frilled lizards
  6 kobolds
  8 rats
  A spectral orc (D:4)
120 creatures vanquished.

Notes
Turn   | Place    | Note
-------+----------+-------------------------------------------
     0 | D:1      | fragbeetle the Gargoyle Earth Elementalist began the quest
                  | for the Orb.
     0 | D:1      | Reached XP level 1. HP: 10/10 MP: 3/3
   436 | D:1      | Noticed a golden eye
   458 | D:1      | Reached skill level 4 in Earth Magic
   463 | D:1      | Reached XP level 2. HP: 14/15 MP: 3/5
   468 | D:1      | Found a faded altar of an unknown god.
   471 | D:1      | Noticed a floating eye
   476 | D:1      | Noticed a shining eye
   480 | D:1      | Noticed a floating eye
   542 | D:1      | Found Womal's Distillery.
  1023 | D:2      | Reached XP level 3. HP: 19/19 MP: 4/6
  1080 | D:2      | Learned a level 3 spell: Stone Arrow
  1646 | D:2      | Noticed Jessica
  1651 | D:2      | Killed Jessica
  1652 | D:2      | Reached XP level 4. HP: 24/24 MP: 3/8
  2196 | D:3      | Found a burning altar of Makhleb.
  2250 | D:3      | Noticed a scorpion
  2278 | D:3      | Found a shimmering blue altar of Sif Muna.
  2561 | D:3      | Killed a scorpion
  2562 | D:3      | Reached skill level 5 in Earth Magic
  2562 | D:3      | Reached XP level 5. HP: 23/28 MP: 3/9
  2664 | D:1      | Bought a potion of curing for 33 gold pieces
  2664 | D:1      | Bought a potion of heal wounds for 55 gold pieces
  3044 | D:4      | Reached XP level 6. HP: 33/33 MP: 7/11
  3050 | D:4      | Found a hazy altar of Hepliaklqana.
  3078 | D:4      | Reached skill level 1 in Conjurations
  3448 | D:4      | Reached skill level 1 in Fighting
  3448 | D:4      | Reached skill level 6 in Earth Magic
  3448 | D:4      | Reached XP level 7. HP: 31/38 MP: 6/13
  3451 | D:4      | Reached skill level 1 in Short Blades
  4223 | D:5      | Entered Level 5 of the Dungeon
  4585 | D:5      | Learned a level 1 spell: Summon Small Mammal
  5202 | D:1      | Bought a potion of lignification for 33 gold pieces
  5202 | D:1      | Bought a potion of attraction for 33 gold pieces
  5202 | D:1      | Bought a potion of lignification for 33 gold pieces
  5418 | D:6      | Reached skill level 7 in Earth Magic
  5418 | D:6      | Reached XP level 8. HP: 43/43 MP: 10/15
  5521 | D:6      | Found a staircase to the Ecumenical Temple.
  5531 | Temple   | Entered the Ecumenical Temple
  5552 | Temple   | Became a worshipper of Vehumet
  5854 | D:6      | Found a blossoming altar of Fedhas.
  5974 | D:6      | Reached skill level 5 in Spellcasting
  6993 | D:7      | Reached * piety under Vehumet
  6993 | D:7      | Offered knowledge of Magic Dart by Vehumet.
  6997 | D:7      | Mangled by an orc warrior

Illustrated notes

Levels and vault maps discovered:
D:1:      minmay_arrival_hallway, layout_basic, serial_shops,
          nicolae_diamond_shop, hellmonk_ecumenical_altar_watching_god
D:2:      layout_basic, uniq_jessica
D:3:      layout_basic, tgw_sif, mainiacjoe_overflow_paths
D:4:      nicolae_cairo_tiling_large, layout_layer_cave,
          nicolae_hepliaklqana_monster_ancestors
D:5:      layout_basic
D:6:      layout_loops_ring, mainiacjoe_overflow_six_doors_small,
          kennysheep_generic_room_14
D:7:      layout_basic, nicolae_tso_besieged_by_evil, enter_ossuary_3,
          hangedman_decor_push, grunt_ministairs_10
Temple:   minmay_temple_bridge_abc

Skill      XL: |  1  2  3  4  5  6  7  8 |
---------------+-------------------------+-----
Earth Magic    | 4 5 6 7 |  7.7
Dodging        | 2 3 |  3.9
Spellcasting   | 3 4 5 |  5.7
Conjurations   | 1 2 3 |  3.1
Fighting       | 1 |  1.5
Short Blades   | 1 |  1.6
Stealth        | 3 |  3.4
Axes           | |  0.9
Unarmed Combat | |  0.1
Summonings     | |  0.1
Transmutations | |  0.8

Action                   |  1- 3 |  4- 6 |  7- 9 || total
-------------------------+-------+-------+-------++-------
Melee: Unarmed           |    11 |       |       ||    11
       Hand axe          |    76 |       |       ||    76
       Dagger            |       |    88 |    54 ||   142
       Demon blade       |       |       |    20 ||    20
 Cast: Sandblast         |    17 |    32 |    21 ||    70
       Stone Arrow       |       |       |    45 ||    45
       Summon Small Mamm |       |       |     1 ||     1
  Use: Scroll            |       |       |     3 ||     3
 Stab: Sleeping          |     3 |     2 |     2 ||     7
Armor: Robe              |    40 |    22 |    41 ||   103
Dodge: Dodged            |    73 |    55 |    48 ||   176

Table legend: (Time is in decaauts)
 A = Elapsed time spent in this place.
 B = Non-inter-level travel time spent in this place.
 C = Inter-level travel time spent in this place.
 D = Time resting spent in this place.
 E = Time spent auto-exploring this place.
 F = Levels seen in this place.
 G = Mean time per level.
                   A        B        C        D        E       F      G
               +--------+--------+--------+--------+--------+-----+--------+
         Total |   7024 |   6632 |    392 |   1114 |   3295 |   8 |  878.0 |
       Dungeon |   6815 |   6423 |    392 |   1114 |   3126 |   7 |  973.6 |
        Temple |    209 |    209 |      0 |      0 |    169 |   1 |  209.0 |
               +--------+--------+--------+--------+--------+-----+--------+

Top non-repeatable levels by time:
     D:4: 1323 daAuts
     D:6: 1273 daAuts
     D:2: 1147 daAuts
     D:1: 1059 daAuts
     D:5: 918 daAuts
     D:3: 851 daAuts
     D:7: 241 daAuts
  Temple: 209 daAuts
